 Dungeon Crawl Stone Soup version 0.25.1-8-g42b30a86e7 (webtiles) character file.

Game seed: 12972257094807488988

947 funkygono the Conjurer (level 7, -2/55 HPs)
             Began as a White Draconian Conjurer on Dec 15, 2020.
             Was a Believer of Sif Muna.
             Slain by a wyvern zombie (10 damage)
             ... in an ossuary.
             The game lasted 00:13:22 (4930 turns).

funkygono the Conjurer (White Draconian Conjurer)   Turns: 4930, Time: 00:13:23

Health: -2/55      AC: 10    Str: 10    XL:     7   Next: 89%
Magic:  13/13      EV: 13    Int: 17    God:    Sif Muna [**....]
Gold:   285        SH:  5    Dex: 12    Spells: 11/14 levels left

rFire    . . .     SeeInvis .   g - +3 flail (vorpal)
rCold    + . .     Gourm    .   n - +1 buckler {AC+3}
rNeg     . . .     Faith    .   (armour unavailable)
rPois    .         Spirit   .   (helmet restricted)
rElec    .         Reflect  .   k - +0 cloak
rCorr    .         Harm     .   (no gloves)
MR       .....                  (no boots)
Stlth    ++........             (no amulet)
HPRegen  0.18/turn              d - ring of wizardry
MPRegen  0.13/turn              (no ring)

@: no status effects
A: breathe frost, unfitting armour, cold resistance 1, cold-blooded, AC +6
a: Breathe Frost, Channel Magic, Renounce Religion


You were in an ossuary.
You worshipped Sif Muna.
Sif Muna was pleased with you.
You were not hungry.

You visited 1 branch of the dungeon, and saw 5 of its levels.
You also visited: Ossuary.

You collected 285 gold pieces.

Inventory:

Hand Weapons
 c - a +0 club
 g - a +3 vorpal flail (weapon)
Missiles
 a - 167 stones (quivered)
Armour
 k - a +0 cloak (worn)
 n - a +1 buckler of protection (worn)
Jewellery
 d - a ring of wizardry (left hand)
Wands
 l - a wand of acid (9)
Scrolls
 e - 6 scrolls of teleportation
 h - 6 scrolls of remove curse
 p - 2 scrolls of magic mapping
Potions
 f - 2 potions of curing
 i - a potion of heal wounds
 j - a potion of flight {unknown}
 m - a potion of brilliance {unknown}
 q - a potion of haste
Comestibles
 b - 9 rations


   Skills:
 + Level 2.0 Fighting
 + Level 2.8 Maces & Flails
 + Level 3.2 Dodging
 - Level 1.7 Stealth
 * Level 3.3 Shields
 + Level 4.3 Spellcasting
 + Level 6.5 Conjurations


You had 11 spell levels left.
You knew the following spells:

 Your Spells              Type           Power        Failure   Level  Hunger
a - Magic Dart            Conj           ####         1%          1    None
b - Searing Ray           Conj           ####..       1%          2    ##.....

Your spell library contained the following spells:

 Spells                   Type           Power        Failure   Level  Hunger
 Dazzling Flash           Conj/Hex       ##....       5%          3    ###....
 Fulminant Prism          Conj/Hex       ##........   17%         4    ####...
 Iskenderun's Mystic Bla  Conj/Tloc      ##......     17%         4    ####...


Dungeon Overview and Level Annotations

Branches:
Dungeon (5/15)            Ossuary (1/1)
 Temple: D:4-7

Altars:
Elyvilon
Hepliaklqana
Makhleb
Nemelex Xobeh
Sif Muna
Trog
Vehumet
Xom
Yredelemnul
Zin

Annotations:
D:3 3 runed translucent doors, 15bullets's ghost, amateur GnWr; mavignon's ghost, amateur NaFE


Innate Abilities, Weirdness & Mutations

You can breathe waves of freezing cold.
You can buffet flying creatures when you breathe cold.
Your icy white scales are hard. (AC +6)
You cannot fit into any form of body armour.
Your flesh is cold resistant. (rC+)
You are cold-blooded and may be slowed by cold attacks.


Message History

The mummy is moderately damaged.
You barely miss the mummy.
The mummy is moderately damaged.
You block the mummy's attack.
You hit the mummy.
The mummy is heavily damaged.
The mummy hits you!
You sock the mummy!
You destroy the mummy!
Sif Muna accepts your kill.
A wyvern zombie comes into view.
You sock the wyvern zombie!
The wyvern zombie is moderately damaged.
The wyvern zombie completely misses you.
The wyvern zombie bites you!
* * * LOW HITPOINT WARNING * * *
You hit the wyvern zombie.
The wyvern zombie is heavily damaged.
The wyvern zombie bites you!
You die...

###.###
####.'.#?
≈≈≈≈#≈≈ #.'≈#
#≈#≈###
#P+≈'.#
#≈#.#####
####P≈≈#..∩#
#≈≈≈#≈≈@.∩.#
####P≈Z#...#
##≈##≈.#####.
#≈≈≈P.≈≈......
#≈≈#≈#.≈.#≈≈.#
#≈≈≈##P≈.≈.≈P#
#### #≈####≈#
≈## # ≈


You could see a wyvern zombie.

Vanquished Creatures
  Edmund (D:4)
  A phantom (D:4)
  An ogre (D:4)
  2 centaur zombies (Ossuary)
  A bullfrog zombie (Ossuary)
  2 orc wizards (D:3)
  Ijyb (D:4)
  3 worker ants
  11 mummies
  A howler monkey zombie (Ossuary)
  2 worker ant zombies (Ossuary)
  7 adders
  4 gnolls (D:2)
  An adder zombie (Ossuary)
  3 worms (D:2)
  A leopard gecko (D:2)
  9 orcs
  A ball python (D:2)
  5 giant cockroaches
  7 goblins
  4 hobgoblins
  10 jackals
  2 kobolds
  5 bats
  7 frilled lizards
  A jackal skeleton (D:5)
  A jackal zombie (Ossuary)
  A leopard gecko zombie (Ossuary)
  7 rats
102 creatures vanquished.

Vanquished Creatures (others)
  A withered plant (Ossuary)
1 creature vanquished.

Grand Total: 103 creatures vanquished

Notes
Turn   | Place    | Note
-------+----------+-------------------------------------------
     0 | D:1      | funkygono the Draconian Conjurer began the quest for the
                  | Orb.
     0 | D:1      | Reached XP level 1. HP: 14/14 MP: 3/3
   512 | D:1      | Reached XP level 2. HP: 16/20 MP: 1/5
   529 | D:1      | Learned a level 2 spell: Searing Ray
  1404 | D:2      | Reached XP level 3. HP: 27/27 MP: 4/6
  1589 | D:2      | Reached skill level 1 in Maces & Flails
  1813 | D:2      | Reached skill level 5 in Conjurations
  1942 | D:2      | Reached XP level 4. HP: 34/34 MP: 3/7
  1980 | D:2      | Found a burning altar of Makhleb.
  1982 | D:2      | Found a bloodstained altar of Trog.
  1997 | D:2      | Found a white marble altar of Elyvilon.
  1999 | D:2      | Found a glowing silver altar of Zin.
  1999 | D:2      | Found a shimmering blue altar of Sif Muna.
  2000 | D:2      | Found a sparkling altar of Nemelex Xobeh.
  2005 | D:2      | Found a shimmering altar of Xom.
  2006 | D:2      | Found a hazy altar of Hepliaklqana.
  2007 | D:2      | Found a radiant altar of Vehumet.
  2011 | D:2      | Became a worshipper of Sif Muna the Loreminder
  2081 | D:2      | Reached skill level 1 in Fighting
  2592 | D:3      | Reached XP level 5. HP: 40/40 MP: 4/8
  2872 | D:3      | Reached * piety under Sif Muna
  3282 | D:3      | Found a runed translucent gate.
  3351 | D:3      | Noticed 15bullets's ghost (amateur GnWr)
  3351 | D:3      | Noticed mavignon's ghost (amateur NaFE)
  3352 | D:3      | Found a runed translucent gate.
  3352 | D:3      | Found a runed translucent gate.
  3356 | D:3      | Reached skill level 1 in Shields
  3483 | D:4      | Noticed a phantom
  3532 | D:4      | Killed a phantom
  3532 | D:4      | Reached XP level 6. HP: 31/47 MP: 0/10
  3758 | D:4      | Noticed Ijyb
  3774 | D:4      | Killed Ijyb
  3960 | D:4      | Reached skill level 6 in Conjurations
  3999 | D:4      | Found a basalt altar of Yredelemnul.
  4026 | D:4      | Noticed Edmund
  4091 | D:4      | Killed Edmund
  4091 | D:4      | Your scales start taking on an icy white colour.
  4091 | D:4      | Reached XP level 7. HP: 47/52 MP: 5/12
  4091 | D:4      | Gained mutation: Your flesh is cold resistant. (rC+) [White
                  | Draconian growth]
  4339 | D:5      | Entered Level 5 of the Dungeon
  4679 | D:5      | Found a sand-covered staircase.
  4714 | Ossuary  | Entered an ossuary
  4762 | Ossuary  | Reached ** piety under Sif Muna
  4930 | Ossuary  | Slain by a wyvern zombie

Illustrated notes

Levels and vault maps discovered:
D:1:      minmay_arrival_stone_box, layout_basic, corexii_corridor_pit,
          minmay_door_square
D:2:      layout_rooms, minitemple
D:3:      layout_rooms, gammafunk_ghost_cemetery
D:4:      layout_rooms, yredelemnul_altar_generic, first_ration, uniq_edmund,
          uniq_ijyb
D:5:      layout_rooms, gup_ossuary_entry_pyramid, minivault_1
Ossuary:  ossuary_zaba_flooded

Skill      XL: |  1  2  3  4  5  6  7 |
---------------+----------------------+-----
Maces & Flails | 1 2 |  2.8
Dodging        | 2 3 |  3.2
Conjurations   | 5 6 |  6.5
Fighting       | 1 2 |  2.0
Shields        | 1 2 3 |  3.3
Spellcasting   | 3 4 |  4.3
Stealth        | |  1.7

Action                   |  1- 3 |  4- 6 |  7- 9 || total
-------------------------+-------+-------+-------++-------
Melee: Club              |    39 |    53 |    16 ||   108
       Tailslap          |     1 |     3 |    19 ||    23
       Flail             |       |       |   103 ||   103
 Cast: Magic Dart        |    40 |    61 |    10 ||   111
       Searing Ray       |     5 |    19 |     3 ||    27
  Use: Scroll            |     3 |     5 |       ||     8
       Potion            |       |     3 |       ||     3
 Stab: Sleeping          |     2 |       |     1 ||     3
       Distracted        |       |       |     1 ||     1
  Eat: Chunk             |     4 |     8 |     3 ||    15
Armor: Skin              |    11 |    28 |    21 ||    60
Dodge: Dodged            |    27 |    34 |    67 ||   128
Block: Buckler           |       |    14 |    27 ||    41
